AoeStats
← iAlejandrouae

African Clearing

506658140Analyzed
4v4 RM · 19d ago on Sep 14, 2026· 60m 30s· 8 players
Game mode
Random Map
Map size
Large (8 player)
Population
200
Speed
Normal
Resources
Standard
Victory
Conquest
Starting age
Dark Age
Ending age
Imperial Age
RankedLock teamsTeams togetherTeam positionsShared explorationLock speedFull tech treeHidden civsTurbo modeCheats
Victory
Defeat
🇮🇳 Dravidians · India
1571
+13
🇦🇷 Khmer · Argentina
1567
+13
🇨🇦 Mongols · Canada
1544
+14
🇵🇱 Vietnamese · Poland
1516
+17
🇨🇳 Berbers · China
1530
-15
🇨🇳 Koreans · China
1525
-15
🇹🇼 Huns · Taiwan
1494
-14
🇹🇼 Hindustanis · Taiwan
1489
-13
ss839059
12:29 Feudal Age
14:55 Double-Bit Axe
17:34 Castle Age
15:43 Horse Collar
18:28 Bow Saw
27:27 Pikeman
29:02 Scale Mail Armor
31:04 Chain Mail Armor
32:59 Wheelbarrow
35:07 Imperial Age
33:57 Forging
33:53 Scale Barding Armor
34:37 Bloodlines
34:29 Husbandry
34:20 Gold Mining
34:52 Hand Cart
34:22 Loom
35:46 Iron Casting
35:19 Cavalier
36:28 Chain Barding Armor
37:18 Paladin
40:23 Plate Barding Armor
40:49 Blast Furnace
41:53 Halberdier
42:40 Squires
42:26 Arson
44:15 Gold Shaft Mining
44:19 Coinage
45:43 Banking
50:07 Light Cavalry
52:23 Caravan
54:39 Hussar
58:23 Thumb Ring
59:24 Elite Skirmisher
59:56 Fletching
60:06 Padded Archer Armor
Bo Zhi Shang
4:27 Loom
12:18 Feudal Age
19:54 Castle Age
18:54 Forging
19:38 Double-Bit Axe
19:36 Horse Collar
26:44 Wheelbarrow
28:56 Heavy Plow
29:16 Bow Saw
33:41 Imperial Age
31:32 Gold Mining
32:22 Bloodlines
32:12 Husbandry
32:46 Scale Barding Armor
33:22 Husbandry
34:00 Iron Casting
34:25 Chain Barding Armor
33:50 Heavy Camel Rider
35:46 Blast Furnace
37:07 Plate Barding Armor
36:07 Capped Ram
36:54 Cavalier
38:10 Hand Cart
38:38 Gold Shaft Mining
38:57 Conscription
42:51 Fletching
43:01 Padded Archer Armor
44:17 Chemistry
43:08 Elite Genitour
43:59 Bodkin Arrow
44:35 Ballistics
45:04 Bracer
45:20 Leather Archer Armor
45:13 Kasbah
46:27 Thumb Ring
47:10 Ring Archer Armor
49:08 Coinage
58:12 Light Cavalry
kk900826
9:42 Loom
12:18 Feudal Age
23:48 Fletching
31:21 Double-Bit Axe
40:39 Double-Bit Axe
41:16 Fishing Lines
47:51 Castle Age
49:09 Bow Saw
48:55 Gillnets
54:39 Imperial Age
52:47 Wheelbarrow
53:36 Wheelbarrow
53:03 Gold Mining
53:46 Bloodlines
54:51 Hand Cart
54:45 Scale Barding Armor
54:51 Forging
54:52 Heavy Camel Rider
55:32 Husbandry
56:01 Chain Barding Armor
56:08 Light Cavalry
58:14 Plate Barding Armor
57:23 Hussar
57:28 Imperial Camel Rider
SAVIOR
6:34 Loom
13:29 Feudal Age
18:11 Castle Age
18:07 Double-Bit Axe
18:03 Horse Collar
33:17 Wheelbarrow
35:03 Bow Saw
39:31 Heavy Plow
39:14 Pikeman
43:56 Imperial Age
41:53 Squires
41:38 Arson
41:39 Gambesons
43:26 Hand Cart
43:24 Eupseong
44:10 Gold Mining
44:13 Stone Mining
44:43 Elite War Wagon
45:45 Conscription
45:39 Fletching
46:31 Bodkin Arrow
47:50 Stone Shaft Mining
47:58 Bracer
47:45 Arrowslits
48:57 Fortified Wall
49:09 Ballistics
50:23 Town Watch
51:47 Chemistry
52:04 Halberdier
53:20 Scale Mail Armor
53:30 Forging
53:29 Murder Holes
53:15 Treadmill Crane
54:09 Elite Fire Lancer
55:05 Chain Mail Armor
55:26 Iron Casting
56:53 Plate Mail Armor
56:49 Heavy Rocket Cart
58:41 Shinkichon
t๏tคlเк๏ร
9:43 Loom
13:33 Feudal Age
14:50 Wheelbarrow
25:39 Fletching
26:32 Town Watch
27:12 Double-Bit Axe
27:11 Horse Collar
27:59 Fishing Lines
33:59 Gold Mining
34:02 Stone Mining
37:21 Castle Age
36:38 Arson
37:02 Scale Mail Armor
37:12 Forging
38:36 Bow Saw
38:33 Gillnets
39:20 Stone Shaft Mining
38:57 Squires
39:14 Chain Mail Armor
39:35 Iron Casting
43:31 Imperial Age
43:06 Hand Cart
43:16 Caravan
43:59 Town Patrol
43:37 Elite Fire Lancer
44:57 Plate Mail Armor
45:44 Bodkin Arrow
46:12 Ballistics
46:52 Chemistry
46:01 Capped Ram
48:57 Siege Engineers
53:25 Bracer
54:53 Pikeman
60:28 Halberdier
iAlejandrouae
5:03 Loom
13:56 Feudal Age
16:43 Castle Age
14:33 Double-Bit Axe
16:05 Gold Mining
17:37 Scale Barding Armor
19:02 Bloodlines
21:39 Sanctity
21:17 Horse Collar
29:11 Heavy Plow
29:23 Bow Saw
31:33 Forging
32:06 Husbandry
32:49 Chain Barding Armor
33:32 Wheelbarrow
33:55 Gold Shaft Mining
38:09 Imperial Age
36:27 Hand Cart
35:58 Town Watch
37:08 Iron Casting
37:04 Fletching
38:20 Cavalier
39:36 Plate Barding Armor
41:34 Blast Furnace
41:40 Conscription
41:21 Double Crossbow
42:01 Ballistics
42:42 Chemistry
43:40 Siege Engineers
42:59 Heavy Scorpion
44:54 Coinage
45:27 Stone Mining
46:20 Masonry
46:06 Bodkin Arrow
46:38 Capped Ram
49:30 Elite Ballista Elephant
50:13 Bracer
50:58 Banking
50:28 Caravan
53:00 Siege Ram
Issue
13:40 Feudal Age
13:50 Loom
17:53 Castle Age
15:40 Double-Bit Axe
15:36 Horse Collar
17:03 Gold Mining
18:58 Forging
19:04 Bow Saw
21:30 Town Watch
21:17 Pikeman
27:01 Wheelbarrow
32:16 Stone Mining
33:16 Hand Cart
37:58 Imperial Age
36:44 Fletching
36:54 Padded Archer Armor
37:31 Bodkin Arrow
39:13 Bracer
40:14 Chemistry
38:44 Elite Elephant Archer
40:30 Ballistics
40:28 Leather Archer Armor
41:14 Conscription
46:05 Thumb Ring
46:02 Husbandry
46:38 Ring Archer Armor
49:12 Medical Corps
52:41 Siege Elephant
53:40 Masonry
54:16 Elite Skirmisher
55:36 Hoardings
56:16 Two-Man Saw
55:16 Heavy Plow
55:22 Imperial Skirmisher
58:00 Coinage
parachutedreamer
9:52 Loom
10:14 Loom
12:33 Feudal Age
13:11 Double-Bit Axe
15:26 Wheelbarrow
21:36 Castle Age
21:55 Horse Collar
23:30 Bow Saw
26:32 Heavy Plow
29:23 Hand Cart
30:38 Gold Mining
30:41 Stone Mining
36:03 Imperial Age
33:50 Fletching
34:11 Bloodlines
34:01 Husbandry
34:23 Padded Archer Armor
35:33 Ballistics
35:20 Thumb Ring
35:33 Bodkin Arrow
35:53 Leather Archer Armor
36:49 Bracer
37:51 Chemistry
37:20 Parthian Tactics
37:22 Conscription
38:44 Elite Mangudai
45:07 Masonry
45:03 Siege Engineers
47:25 Scale Barding Armor
47:31 Forging
47:31 Light Cavalry
48:38 Chain Barding Armor
49:59 Iron Casting
48:55 Hussar
52:58 Blast Furnace
55:02 Murder Holes
Connection lost

Rejoining the realm…

Still unreachable

The connection could not be restored.

Session expired

The server has moved on; the page needs a fresh start.